 Dungeon Crawl Stone Soup version 0.23.2-1-ga50397a6bc (webtiles) character file.

Game seed: 2222833747206794010

94 Mithandil the Shooter (level 4, -1/38 HPs)
             Began as a Centaur Hunter on May 29, 2019.
             Slain by a goblin (4 damage)
             ... led by Robin
             ... on level 3 of the Dungeon.
             The game lasted 00:23:49 (1940 turns).

Mithandil the Shooter (Centaur Hunter)              Turns: 1940, Time: 00:23:49

Health: -1/38      AC:  4    Str: 15    XL:     4   Next: 38%
Magic:  4/4        EV: 10    Int: 10    God:
Gold:   118        SH:  0    Dex: 13    Spells: 3/3 levels left

rFire    . . .     SeeInvis .   b - +0 short sword
rCold    . . .     Gourm    .   (no shield)
rNeg     . . .     Faith    .   c - +0 leather armour
rPois    .         Spirit   .   (no helmet)
rElec    .         Reflect  .   (no cloak)
rCorr    .         Harm     .   (no gloves)
MR       .....                  (no barding)
Stlth    +.........             (no amulet)
HPRegen  0.12/turn              o - +3 ring of dexterity
MPRegen  0.09/turn              (no ring)

@: very quick
A: large, hooves 3, deformed body, speed 2, tough skin 3
a: no special abilities


You were on level 3 of the Dungeon.
You were not hungry.

You visited 1 branch of the dungeon, and saw 3 of its levels.

You collected 118 gold pieces.

Inventory:

Hand Weapons
 a - a +1 shortbow
 b - a +0 short sword (weapon)
Missiles
 g - 32 stones (quivered)
 u - a poisoned needle
Armour
 c - a +0 leather armour (worn)
Jewellery
 o - a +3 ring of dexterity (left hand)
Scrolls
 d - a scroll of immolation {unknown}
 j - a scroll of remove curse {unknown}
 m - a scroll of enchant weapon {unknown}
 p - a scroll of random uselessness {unknown}
 q - a scroll of enchant armour {unknown}
 r - a scroll of blinking
Potions
 i - a potion of curing
 k - a potion of brilliance
 l - a potion of heal wounds
 n - a potion of ambrosia {unknown}
 t - a potion of haste {unknown}
Comestibles
 f - 6 rations


   Skills:
 * Level 3.1 Fighting
 * Level 6.1 Bows
 + Level 1.1 Throwing
 + Level 0.7 Armour
 + Level 1.8 Dodging
 - Level 0.4 Stealth


You had 3 spell levels left.
You didn't know any spells.
Your spell library was empty.

Dungeon Overview and Level Annotations

Branches:
Dungeon (3/15)

Altars:
Qazlal

Annotations:
D:2 Sigmund
D:3 Robin


Innate Abilities, Weirdness & Mutations

You have hooves in place of feet.
Armour fits poorly on your strangely shaped body.
You cover ground very quickly.
You have extremely tough skin. (AC +3)


Message History

The hobgoblin hits you but does no damage.
The goblin barely misses you.
The goblin no longer looks unusually strong.
The goblin hits you with a +0 club.
* * * LOW HITPOINT WARNING * * *
Robin roars a battlecry!
The goblin goes into a battle-frenzy!
The goblin no longer looks unusually strong.
The goblin misses you. Robin throws the goblin at you!
The goblin closely misses you.
You hit the goblin.
You kill the goblin!
The goblin misses you. The goblin hits you with a +0 club.
* * * LOW HITPOINT WARNING * * *
The goblin hits you but does no damage.
Robin says, "Duck!"
The goblin hits you but does no damage. The goblin closely misses you.
Your leather armour prevents you from hitting the hobgoblin.
The goblin hits you.
You die...

##### #??.# .....# #...# .....+
#...######.....#
#............(..
################gg.............
.=.............#@g.............
############...gggg..!.........
#.#.#!)..(.†(.g..(..
#.#.#g.....)........
#.#.#.............(.
#.#.#...............
#.#.#...............((
#.#.#........%...g....
#>..........((......(.


You could see Robin, 2 hobgoblins and 5 goblins.

Vanquished Creatures
  4 adders
  5 dart slugs (D:1)
  2 ball pythons
  8 bats
  6 goblins
  10 hobgoblins
  4 kobolds
  4 frilled lizards
  6 rats
49 creatures vanquished.

Notes
Turn   | Place    | Note
-------+----------+-------------------------------------------
     0 | D:1      | Mithandil the Centaur Hunter began the quest for the Orb.
     0 | D:1      | Reached XP level 1. HP: 17/17 MP: 1/1
   163 | D:1      | Reached XP level 2. HP: 24/24 MP: 2/2
   756 | D:1      | Reached XP level 3. HP: 29/30 MP: 3/3
  1103 | D:2      | Found a stormy altar of Qazlal.
  1327 | D:1      | Reached skill level 1 in Throwing
  1379 | D:2      | Reached skill level 6 in Bows
  1513 | D:2      | Reached XP level 4. HP: 18/37 MP: 4/4
  1626 | D:2      | Noticed Sigmund
  1781 | D:3      | Noticed Robin
  1940 | D:3      | Slain by a goblin

Skill      XL: |  1  2  3  4 |
---------------+-------------+-----
Throwing       | 1 |  1.1
Bows           | 6 |  6.1
Fighting       | 3 |  3.1
Armour         | |  0.7
Dodging        | |  1.8
Stealth        | |  0.4

Action                   |  1- 3 |  4- 6 || total
-------------------------+-------+-------++-------
Melee: Short sword       |    14 |    31 ||    45
       Kick              |     2 |     6 ||     8
 Fire: Shortbow          |    84 |    11 ||    95
Throw: Stone             |       |     9 ||     9
       Javelin           |       |     7 ||     7
  Use: Scroll            |     3 |     3 ||     6
  Eat: Ration            |       |     1 ||     1
Armor: Leather armour    |    10 |    24 ||    34
Dodge: Dodged            |    14 |    38 ||    52
